 Dungeon Crawl Stone Soup version 0.18.1-5-g4a78601 (webtiles) character file.

4435 deawunn the Grappler (level 10, -2/90 HPs)
             Began as a Troll Monk on May 12, 2016.
             Slain by a red devil
             ... wielding a +0 trident
             ... summoned by an obsidian statue
              (8 damage)
             ... on level 9 of the Dungeon.
             The game lasted 00:30:45 (8020 turns).

deawunn the Grappler (Troll Monk)                   Turns: 8020, Time: 00:30:45

Health: -2/90      AC:  5    Str: 24    XL:     10   Next: 14%
Magic:  0/9        EV:  8    Int:  6    God:
Gold:   261        SH:  0    Dex: 14    Spells: 0 memorised, 9 levels left

rFire  . . .     SeeInvis .       - Unarmed
rCold  . . .     Gourm    +     a - +0 robe
rNeg   . . .     Faith    .     (no shield)
rPois  +         Spirit   +     (helmet restricted)
rElec  .         Dismiss  .     (no cloak)
rCorr  .         Reflect  .     (gloves unavailable)
SustAt .         Harm     .     (boots unavailable)
MR     .....                    y - amulet of guardian spirit
Stlth  +.........               k - ring of poison resistance
                                m - +2 ring of dexterity

@: not resistant to hostile enchantments, very unstealthy
A: unfitting armour, claws 3, hooves 1, fast metabolism 3, frail 1, gourmand,
regeneration 2, shaggy fur 1, tough skin 2
a: no special abilities


You were on level 9 of the Dungeon.
You were completely stuffed.

You visited 2 branches of the dungeon, and saw 10 of its levels.

You collected 261 gold pieces.

Inventory:

Missiles
 L - 7 javelins (quivered)
Armour
 a - a +0 robe (worn)
Magical Staves
 B - an uncursed staff of power {unknown}
Jewellery
 e - an uncursed ring of protection from cold
 k - a ring of poison resistance (right claw)
 m - a +2 ring of dexterity (left claw)
 y - an amulet of guardian spirit (around neck)
 C - an uncursed ring of protection from fire
 H - an uncursed ring of teleportation
Wands
 r - a wand of teleportation (0/9)
 J - a wand of teleportation (2/9)
Scrolls
 c - 5 scrolls of remove curse
 d - 3 scrolls of blinking {unknown}
 h - a scroll of immolation {unknown}
 j - a scroll of teleportation {unknown}
 o - 7 scrolls of identify
 p - a scroll of random uselessness {unknown}
 u - a scroll of enchant weapon {unknown}
 v - 2 scrolls of fear {unknown}
 w - 2 scrolls of enchant armour {unknown}
 A - 2 scrolls of noise {unknown}
 D - a scroll of magic mapping {unknown}
 F - 3 scrolls of acquirement {unknown}
Potions
 f - 6 potions of curing {unknown}
 i - 2 potions of degeneration {unknown}
 l - 2 potions of mutation {unknown}
 n - a potion of heal wounds {unknown}
 s - 3 potions of brilliance {unknown}
 E - 2 potions of cancellation {unknown}
 G - 2 potions of flight {unknown}
 K - a potion of might {unknown}
Books
 t - a Fen Folio

   Spells                             Type                      Level
   a - Corpse Rot                     Necromancy                   2
   b - Stone Arrow                    Conjuration/Earth            3
   c - Leda's Liquefaction            Hexes/Earth                  4
   d - Summon Forest                  Summoning/Translocation      5
   e - Hydra Form                     Transmutation                6
   f - Summon Hydra                   Summoning                    7
 I - a book of Death

   Spells                             Type                      Level
   a - Corpse Rot                     Necromancy                   2
   b - Sublimation of Blood           Necromancy                   2
   c - Agony                          Necromancy                   5
   d - Dispel Undead                  Necromancy                   5
   e - Excruciating Wounds            Charms/Necromancy            5
   f - Bolt of Draining               Conjuration/Necromancy       5
Comestibles
 b - 12 bread rations
 g - a fruit
 q - 11 slices of pizza
 x - 5 meat rations
 z - 5 beef jerkies
 M - 13 chunks of flesh


   Skills:
 + Level 6.7 Fighting
 + Level 6.5 Dodging
 - Level 1.1 Stealth
 * Level 11.2 Unarmed Combat


You had 9 spell levels left.
You didn't know any spells.

Dungeon Overview and Level Annotations

Branches:
Dungeon (9/15)             Temple (1/1) D:4
   Lair: D:8-11         Orc: D:9-12

Altars:
Kikubaaqudgha
Makhleb
Nemelex Xobeh
Okawaru
Trog
Yredelemnul
The Shining One

Shops:
D:7 %

Annotations:
D:9 exclusion: obsidian statue


Innate Abilities, Weirdness & Mutations

You are too large for most types of armour.
You have claws for hands.
Your metabolism is lightning-fast.
You like to eat raw meat.
You heal very quickly.
You are covered in fur (AC +1).
You have very tough skin (AC +2).
You have large cloven feet.
You are frail (-10% HP).


Message History

You mangle the iguana!!
You kill the iguana!
There is a stone staircase leading down here.
You climb downwards.
Level annotation: exclusion: obsidian statue The ice devil disappears in a puff of smoke!
The sun demon hits you!!
You are engulfed in flames!
The sun demon hits you!
You are engulfed in flames!
The red devil misses you.
There is a stone staircase leading up here.
The sun demon hits you.
You are engulfed in flames!
* * * LOW HITPOINT WARNING * * *
The quasit bites you but does no damage.
The quasit claws you but does no damage. x2
The sun demon hits you.
* * * LOW HITPOINT WARNING * * *
You are engulfed in flames!
* * * LOW HITPOINT WARNING * * *
The red devil hops backward while attacking.
The red devil hits you from afar with a trident!
You die...

##.)=!../#
#5)PPP$..#
#.:P8P"..#
.$PPP}..###
#.?}$.....#
#.........#
#.....4...#
#..55.....#
#...@.....#
#...33....#
#.........#
#.........#
#.........#
#.........#
#.........#
#.........#
#.........#


You could see an obsidian statue, 2 sun demons, a red devil, a quasit, a crimson
imp and a white imp.

Vanquished Creatures
  A hog (D:8)
  4 yaks (D:8)
  A human (D:8)
  2 hungry ghosts
  A water moccasin (D:8)
  An orc warrior (D:6)
  2 sky beasts (D:5)
  A phantom (D:6)
  An eye of draining (D:8)
  2 black bears (D:8)
  4 ogres
  4 centaurs
  A big kobold (D:8)
  3 giant frogs
  3 scorpions
  5 killer bees (D:8)
  4 howler monkeys
  A wasp zombie (D:9)
  4 crimson imps
  A centaur zombie (D:6)
  A giant frog zombie (D:6)
  2 hounds (D:8)
  An orc priest (D:5)
  2 orc wizards
  2 gnoll shamans (D:7)
  2 jellies (D:8)
  A giant frog skeleton (D:9)
  5 iguanas
  6 worker ants
  3 sheep (D:8)
  2 hound skeletons
  A howler monkey zombie (D:7)
  A howler monkey skeleton (D:7)
  9 adders
  9 gnolls (D:7)
  2 shadow imps
  2 oozes (D:2)
  2 worms
  A dart slug (D:2)
  4 giant geckos
  10 orcs
  4 giant cockroaches
  5 hobgoblins (D:1)
  12 jackals
  6 quokkas
  A ball python (D:1)
  4 bats
  2 giant gecko skeletons
  4 giant newts
  9 goblins
  A jackal skeleton (D:4)
  11 kobolds
  A quokka zombie (D:6)
  6 rats
180 creatures vanquished.

Notes
Turn   | Place    | Note
--------------------------------------------------------------
     0 | D:1      | deawunn the Troll Monk began the quest for the Orb.
     0 | D:1      | Reached XP level 1. HP: 22/22 MP: 0/0
   280 | D:1      | Reached XP level 2. HP: 29/29 MP: 1/1
   888 | D:1      | Reached XP level 3. HP: 32/36 MP: 2/2
  1054 | D:2      | Reached skill level 5 in Unarmed Combat
  1060 | D:2      | Reached XP level 4. HP: 44/44 MP: 3/3
  1425 | D:2      | Found a faded altar to an unknown god.
  1840 | D:3      | Reached XP level 5. HP: 40/53 MP: 4/4
  2129 | D:4      | Noticed an ogre
  2137 | D:4      | Killed an ogre
  2193 | D:4      | Found a burning altar of Makhleb.
  2343 | D:4      | Found a staircase to the Ecumenical Temple.
  2353 | Temple   | Entered the Ecumenical Temple
  2506 | D:4      | Found an iron altar of Okawaru.
  2541 | D:4      | Noticed a hungry ghost
  2557 | D:4      | Killed a hungry ghost
  2557 | D:4      | Reached skill level 6 in Unarmed Combat
  2557 | D:4      | Reached XP level 6. HP: 61/62 MP: 5/5
  2857 | D:5      | Entered Level 5 of the Dungeon
  2858 | D:5      | Found an ancient bone altar of Kikubaaqudgha.
  3013 | D:5      | Reached XP level 7. HP: 70/70 MP: 6/6
  3212 | D:5      | Reached skill level 7 in Unarmed Combat
  3403 | D:5      | Found a glowing golden altar of the Shining One.
  3910 | D:6      | Gained mutation: You are frail (-10% HP). [mutagenic meat]
  3911 | D:6      | Gained mutation: You have large cloven feet. [mutagenic meat]
  3912 | D:6      | Gained mutation: You are very frail (-20% HP). [mutagenic meat]
  3913 | D:6      | Lost mutation: You are very frail (-20% HP). [mutagenic meat]
  3957 | D:6      | Reached XP level 8. HP: 71/71 MP: 7/7
  3994 | D:6      | Reached skill level 8 in Unarmed Combat
  4354 | D:6      | Reached skill level 5 in Fighting
  5092 | D:6      | Reached skill level 5 in Dodging
  5657 | D:7      | Reached skill level 9 in Unarmed Combat
  5712 | D:7      | Found Ruhor's Food Boutique.
  6048 | D:7      | Found a sparkling altar of Nemelex Xobeh.
  6151 | D:7      | Reached XP level 9. HP: 79/79 MP: 8/8
  7011 | D:8      | Reached skill level 10 in Unarmed Combat
  7577 | D:8      | Found a basalt altar of Yredelemnul.
  7577 | D:8      | Found a bloodstained altar of Trog.
  7906 | D:8      | Reached skill level 11 in Unarmed Combat
  7906 | D:8      | Reached XP level 10. HP: 90/90 MP: 9/9
  7996 | D:9      | Noticed an obsidian statue
  8002 | D:9      | Noticed a sun demon
  8007 | D:9      | Noticed a sun demon
  8020 | D:9      | Slain by a red devil

Skill      XL: |  1  2  3  4  5  6  7  8  9 |
---------------+----------------------------+-----
Unarmed Combat | 5 6 7 9 11 | 11.2
Fighting       | 3 4 5 6 |  6.7
Dodging        | 3 4 5 6 |  6.5
Stealth        | |  1.1

Action                   |  1- 3 |  4- 6 |  7- 9 | 10-12 || total
-------------------------+-------+-------+-------+-------++-------
Melee: Unarmed           |    79 |   114 |   323 |    30 ||   546
       Kick              |       |       |    71 |    14 ||    85
       Punch             |       |       |    13 |     3 ||    16
Evoke: Wand              |       |       |     2 |       ||     2
  Use: Scroll            |       |       |     2 |       ||     2
 Stab: Sleeping          |     2 |     1 |     3 |       ||     6
  Eat: Chunk             |    15 |    22 |    54 |     2 ||    93
Armor: Robe              |    27 |    32 |    88 |    13 ||   160
Dodge: Dodged            |    29 |    38 |   209 |    27 ||   303
